 Dungeon Crawl Stone Soup version 0.30.1-9-gdf580d7c3d (webtiles) character file.

Game seed: 6701617531193175257

5397 eliilek the Basher (level 10, -1/93 HPs)
             Began as a Minotaur Fighter on Sept 28, 2023.
             Was a Priest of Cheibriados.
             Slain by a white ugly thing (3 damage)
             ... on level 8 of the Dungeon.
             The game lasted 00:24:26 (8615 turns).

eliilek the Basher (Minotaur Fighter)               Turns: 8615, Time: 00:24:26

Health: -1/93      AC: 19    Str: 30    XL:     10   Next: 40%
Magic:  7/9        EV:  8    Int: 11    God:    Cheibriados [***...]
Gold:   527        SH:  6    Dex: 17    Spells: 9/9 levels left

rFire   + . .        e - +1 flail (heavy)
rCold   . . .        c - +0 buckler
rNeg    . . .        w - +0 plate armour
rPois   +            (helmet restricted)
rElec   .            k - +2 cloak {Stlth+}
rCorr   .            b - +0 pair of gloves
SInv    .            (no boots)
Will    .....        y - amulet of faith Stlth
                     a - ring of poison resistance
HPRegen 0.35/turn    v - ring of protection from fire
MPRegen 0.11/turn

%: faith
@: mighty, very slow
A: horns 2, retaliatory headbutt
a: Renounce Religion, Bend Time, Temporal Distortion


You were on level 8 of the Dungeon.
You worshipped Cheibriados.
Cheibriados was most pleased with you.
You visited 2 branches of the dungeon, and saw 9 of its levels.

You collected 527 gold pieces.

Inventory:

Hand Weapons
 e - a +1 heavy flail (weapon)
Missiles
 l - 11 poisoned darts (quivered)
Armour
 b - a +0 pair of gloves (worn)
 c - a +0 buckler (worn)
 k - a +2 cloak of stealth (worn)
 w - a +0 plate armour (worn)
Jewellery
 a - a ring of poison resistance (left hand)
 v - a ring of protection from fire (right hand)
 y - an amulet of faith (around neck)
Wands
 q - a wand of charming (12)
Scrolls
 f - 2 scrolls of enchant armour
 i - 5 scrolls of teleportation
 n - a scroll of noise {unknown}
 o - 2 scrolls of acquirement {unknown}
 p - 2 scrolls of immolation {unknown}
 r - 3 scrolls of enchant weapon
 u - a scroll of silence {unknown}
 D - a scroll of fear {unknown}
Potions
 d - 3 potions of might
 j - 3 potions of curing
 m - a potion of ambrosia {unknown}
 s - 2 potions of heal wounds {unknown}
 z - 2 potions of attraction {unknown}
 A - a potion of flight {unknown}
 C - 2 potions of mutation {unknown}


   Skills:
 + Level 10.0 Fighting
 * Level 11.9 Maces & Flails
 - Level 10.0 Armour
 + Level 7.1 Shields


You had 9 spell levels left.
You didn't know any spells.
Your spell library contained the following spells:

 Spells                   Type           Power      Damage    Failure   Level
 Kiss of Death            Conj/Necr      0%         2d5       96%         1
 Necrotise                Necr           0%         1d4       96%         1
 Poisonous Vapours        Pois/Air       0%         N/A       99%         2
 Sublimation of Blood     Necr           0%         N/A       99%         2
 Call Canine Familiar     Summ           0%         N/A       100%        3
 Dazzling Flash           Conj/Hex       0%         N/A       100%        3
 Hailstorm                Conj/Ice       0%         3d3       100%        3
 Portal Projectile        Hex/Tloc       0%         N/A       100%        3
 Vampiric Draining        Necr           0%         2d6       100%        3
 Volatile Blastmotes      Fire/Tloc      0%         2d10      100%        3
 Ice Form                 Ice/Tmut       0%         N/A       100%        4
 Iskenderun's Mystic Bla  Conj/Tloc      0%         2d3       100%        4
 Leda's Liquefaction      Hex/Erth       0%         N/A       100%        4
 Summon Forest            Summ/Tloc      0%         N/A       100%        5
 Eringya's Noxious Bog    Tmut/Pois      0%         N/A       100%        6
 Simulacrum               Ice/Necr       0%         N/A       100%        6
 Starburst                Conj/Fire      0%         6d3       100%        6
 Summon Hydra             Summ           0%         N/A       100%        7
 Borgnjor's Revivificati  Necr           0%         N/A       100%        8
 Necromutation            Tmut/Necr      0%         N/A       100%        8
 Death's Door             Necr           0%         N/A       100%        9


Dungeon Overview and Level Annotations

Branches:
Dungeon (8/15)             Temple (1/1) D:4
   Lair: D:8-11

Altars:
Ashenzari
Cheibriados
Dithmenos
Elyvilon
Fedhas
Gozag
Hepliaklqana
Kikubaaqudgha
Nemelex Xobeh
Okawaru
Qazlal
Ru
Sif Muna
Trog
Vehumet
Wu Jian
Xom
Zin
The Shining One


Innate Abilities, Weirdness & Mutations

You have a pair of horns on your head.
You reflexively headbutt those who attack you in melee.


Message History

The efreet hits you with a +0 scimitar of flaming!
The slime creature is engulfed in blazing flames.
The slime creature dies!
You hit the efreet.
The efreet is heavily wounded.
You block the efreet's attack.
The efreet hits you with a +0 scimitar of flaming!
* * * LOW HITPOINT WARNING * * *
The efreet burns you.
* * * LOW HITPOINT WARNING * * *
You feel better. The efreet gestures at you.
The fireball explodes!
The fireball engulfs you. You resist.
* * * LOW HITPOINT WARNING * * *
The fireball engulfs the efreet.
The efreet completely resists.
The flow of time bends around you.
The efreet resists with some effort.
The efreet gestures at you.
The fireball explodes!
The fireball engulfs you but does no damage.
The fireball engulfs the efreet.
The efreet completely resists.
You completely miss the efreet. You headbutt the efreet!
The efreet is severely wounded.
The cyclops is engulfed in blazing flames.
The efreet gestures at you. The bolt of fire misses you.
You bludgeon the efreet!!
You kill the efreet!
Cheibriados thoroughly appreciates the change of pace.
You block the white ugly thing's attack.
Your Fighting skill increases to level 10!
You bludgeon the white ugly thing!!
The white ugly thing is heavily wounded.
The white ugly thing punches you!
* * * LOW HITPOINT WARNING * * *
The white ugly thing freezes you!
* * * LOW HITPOINT WARNING * * *
You block the white ugly thing's attack.
The white ugly thing attacks as you move away!
The white ugly thing punches you.
You die...

######.....######.#......#
#.##....## #.#.######
#######.##.##..# #.#.#
#.......##.###.###.#.#
~≈~.....##.###.....#)#
≈...........######.#.#
.......####.######.#.#
.......# #...#...#...#
#......# #.#..##@#.#.#
#......# #...###u#.#.#
.......# ##.###C##...#
.......# #.###)####..#
.####.## #.##.#R○C#..# .#
#.# #...##C=:#..# .#
#.#########[:##..# .#
#....)....#####.>#
.##########........#.#####


You could see a white ugly thing, 2 cyclopes and an efreet.

Vanquished Creatures
  Erica (D:8)
  A hydra (D:8)
  Maurice (D:8)
  An efreet (D:8)
  Prince Ribbit (D:5)
  Sigmund (D:3)
  A steam dragon (D:8)
  Edmund (D:5)
  A water moccasin (D:6)
  5 sky beasts
  Duvessa (D:4)
  2 ice beasts
  2 orc warriors (D:8)
  An ogre (D:6)
  A phantom (D:5)
  A kobold brigand (D:6)
  A gnoll sergeant (D:8)
  3 scorpions
  4 wights
  Dowan (D:4)
  6 killer bees (D:8)
  2 howler monkeys
  3 hounds
  3 orc priests
  2 gnoll boudas
  A jelly (D:8)
  A sleepcap (D:5)
  3 iguanas
  Crazy Yiuf (D:5)
  Natasha (thrice) (D:3)
  5 orc wizards (D:8)
  15 gnolls
  5 adders
  A shadow imp (D:8)
  A white imp (D:8)
  An ufetubus (D:4)
  A worm (D:2)
  2 dart slugs (D:1)
  16 orcs
  11 endoplasms
  4 giant cockroaches
  8 goblins
  9 hobgoblins
  3 quokkas
  7 ball pythons
  6 bats
  A frilled lizard (D:1)
  10 kobolds
  5 rats
167 creatures vanquished.

Vanquished Creatures (others)
  A slime creature (D:8)
1 creature vanquished.

Grand Total: 168 creatures vanquished

Notes
Turn   | Place    | Note
-------+----------+-------------------------------------------
     0 | D:1      | eliilek the Minotaur Fighter began the quest for the Orb.
     0 | D:1      | Reached XP level 1. HP: 19/19 MP: 0/0
    78 | D:1      | Reached XP level 2. HP: 23/27 MP: 1/1
   254 | D:1      | Reached skill level 3 in Maces & Flails
   336 | D:1      | Reached XP level 3. HP: 33/33 MP: 2/2
   435 | D:1      | Found a faded altar of an unknown god.
   459 | D:1      | Prayed at the altar of an unknown god.
   459 | D:1      | Became a worshipper of Kikubaaqudgha
   459 | D:1      | Reached * piety under Kikubaaqudgha
   459 | D:1      | Received a gift from Kikubaaqudgha
  1387 | D:2      | Reached XP level 4. HP: 40/40 MP: 3/3
  1523 | D:3      | Reached skill level 4 in Maces & Flails
  1523 | D:3      | Reached skill level 5 in Shields
  1534 | D:3      | Reached XP level 5. HP: 19/46 MP: 4/4
  1812 | D:3      | Reached ** piety under Kikubaaqudgha
  1940 | D:3      | Noticed Sigmund
  1944 | D:3      | Killed Sigmund
  1945 | D:3      | Reached XP level 6. HP: 53/53 MP: 5/5
  2136 | D:3      | Noticed Natasha
  2141 | D:3      | Killed Natasha
  2142 | D:3      | Reached skill level 5 in Maces & Flails
  2296 | D:3      | Noticed Natasha
  2310 | D:3      | Killed Natasha
  2435 | D:3      | Noticed Natasha
  2444 | D:3      | Killed Natasha
  2492 | D:4      | Found a white marble altar of Elyvilon.
  2529 | D:4      | Noticed Duvessa
  2535 | D:4      | Noticed Dowan
  2544 | D:4      | Killed Duvessa
  2545 | D:4      | Reached skill level 5 in Armour
  2546 | D:4      | Killed Dowan
  2547 | D:4      | Reached skill level 5 in Fighting
  2547 | D:4      | Reached XP level 7. HP: 30/61 MP: 6/6
  2799 | D:4      | Found a staircase to the Ecumenical Temple.
  2812 | D:4      | Reached skill level 6 in Maces & Flails
  3082 | Temple   | Entered the Ecumenical Temple
  3616 | D:5      | Entered Level 5 of the Dungeon
  3624 | D:5      | Noticed Edmund
  3642 | D:5      | Killed Edmund
  3768 | D:5      | Reached skill level 7 in Maces & Flails
  3911 | D:5      | Reached XP level 8. HP: 62/70 MP: 5/7
  3979 | D:5      | Found a snail-covered altar of Cheibriados.
  4001 | D:5      | Fell from the grace of Kikubaaqudgha
  4001 | D:5      | Became a worshipper of Cheibriados the Contemplative
  4219 | D:5      | Identified the +0 leather armour of Death Resistance {rN+
                  | Slay+3}
  4602 | D:5      | Found a runed translucent door.
  4603 | D:5      | Noticed Crazy Yiuf
  4608 | D:5      | Killed Crazy Yiuf
  4699 | D:5      | Noticed Prince Ribbit
  4709 | D:5      | Killed Prince Ribbit
  4710 | D:5      | Reached skill level 8 in Maces & Flails
  5216 | D:6      | Reached skill level 9 in Maces & Flails
  5343 | D:6      | Found a blossoming altar of Fedhas.
  5441 | D:6      | Reached XP level 9. HP: 79/79 MP: 8/8
  5460 | D:6      | Reached * piety under Cheibriados
  5522 | D:6      | Found a bloodstained altar of Trog.
  5533 | D:6      | Found a shimmering blue altar of Sif Muna.
  5537 | D:6      | Got Sif Muna's Folio of Breath
  6737 | D:7      | Reached skill level 10 in Maces & Flails
  7254 | D:8      | Reached ** piety under Cheibriados
  7784 | D:8      | Noticed Maurice
  7820 | D:8      | Killed Maurice
  7821 | D:8      | Reached skill level 11 in Maces & Flails
  7900 | D:8      | Reached XP level 10. HP: 91/91 MP: 9/9
  8013 | D:8      | Reached *** piety under Cheibriados
  8058 | D:8      | Noticed a four-headed hydra
  8058 | D:8      | Noticed a white ugly thing
  8059 | D:8      | Found a runed translucent door.
  8061 | D:8      | Noticed a cyclops
  8061 | D:8      | Noticed a cyclops
  8061 | D:8      | Noticed a cyclops
  8189 | D:8      | Noticed Erica
  8200 | D:8      | Killed Erica
  8604 | D:8      | Killed a four-headed hydra
  8605 | D:8      | Reached skill level 10 in Armour
  8612 | D:8      | Reached skill level 10 in Fighting
  8612 | D:8      | HP: 1/93 [white ugly thing (14)]
  8615 | D:8      | Slain by a white ugly thing

Illustrated notes

Levels and vault maps discovered:
D:1:      dpeg_arrival_another_circle, layout_basic,
          chequers_ecumenical_altar_island
D:2:      layout_rooms, serial_bayou, serial_bayou_shore_b, serial_bayou_lake_a,
          serial_bayou_pond_e, serial_bayou_pond_c, kennysheep_generic_room_3
D:3:      layout_loops_cross, uniq_sigmund, uniq_natasha
D:4:      layout_layer_cave, mainiacjoe_overflow_surrounded_room,
          minmay_temple_entry_tees, uniq_duvessa
D:5:      layout_loops_ring, mainiacjoe_overflow_paths, uniq_prince_ribbit1,
          uniq_edmund, uniq_crazy_yiuf_cottage
D:6:      layout_basic, nzn_overflow_gifts_of_might_and_magic,
          lemuel_doored_altar, serial_rivers, chequers_serial_rivers_marsh,
          chequers_serial_rivers_micro_e, chequers_serial_rivers_large_b,
          chequers_serial_rivers_small_b, serial_bayou_crossing
D:7:      layout_loops_cross, kennysheep_generic_room_8
D:8:      minmay_gate_of_8, layout_basic, serial_rivers,
          chequers_serial_rivers_small_a, chequers_serial_rivers_micro_a,
          chequers_serial_rivers_large_a, chequers_serial_rivers_small_3,
          kennysheep_decorative_pillar, uniq_maurice, uniq_erica
Temple:   nicolae_temple_ecumenical_triangle

Skill      XL: |  1  2  3  4  5  6  7  8  9 10 |
---------------+-------------------------------+-----
Shields        | 4 5 6 7 |  7.1
Maces & Flails | 3 4 5 7 9 11 | 11.9
Armour         | 4 5 6 7 9 10 | 10.0
Fighting       | 4 5 7 9 10 | 10.0

Action                     |  1- 3 |  4- 6 |  7- 9 | 10-12 || total
---------------------------+-------+-------+-------+-------++-------
  Melee: Flail             |    95 |    86 |   260 |    17 ||   458
         Headbutt          |     9 |    11 |    47 |     6 ||    73
  Throw: Dart              |       |       |     3 |       ||     3
 Invoke: Bend Time         |       |       |       |     1 ||     1
    Use: Potion            |       |     2 |     1 |     2 ||     5
         Scroll            |       |       |     7 |     1 ||     8
 Armour: Scale mail        |    28 |       |       |       ||    28
         Chain mail        |    15 |    54 |   148 |     4 ||   221
         Plate armour      |       |       |       |     3 ||     3
  Dodge: Dodged            |    40 |    54 |   100 |     9 ||   203
  Block: Buckler           |    20 |    36 |    97 |     7 ||   160
